 Dungeon Crawl Stone Soup version 0.29-a0-330-g52719c12eb (webtiles) character file.

Game seed: 7269177370426665396

149 tilp the Magician (level 5, -3/41 HPs)
             Began as a Draconian Hedge Wizard on May 23, 2022.
             Slain by an orc warrior
             ... wielding a +0 vorpal glaive
              (20 damage)
             ... on level 4 of the Dungeon.
             The game lasted 00:05:04 (3996 turns).

tilp the Magician (Draconian Hedge Wizard)          Turns: 3996, Time: 00:05:05

Health: -3/41      AC:  6    Str: 13    XL:     5   Next: 9%
Magic:  9/9        EV: 12    Int: 22    God:
Gold:   185        SH:  0    Dex: 16    Spells: 6/10 levels left

rFire   . . .      SeeInvis .   a - +2 war axe (freeze)
rCold   . . .      Faith    .   (no shield)
rNeg    . . .      Spirit   .   (body armour unavailable)
rPois   .          Reflect  .   i - +0 hat
rElec   .          Harm     .   (no cloak)
rCorr   .          Rampage  .   f - +0 pair of gloves
Will    .....                   (no boots)
Stlth   ++........              (no amulet)
HPRegen 0.13/turn               m - +6 ring of intelligence
MPRegen 0.11/turn               n - +6 ring of dexterity

@: no status effects
A: AC +5, unfitting armour, cold-blooded
a: no special abilities


You were on level 4 of the Dungeon.
You visited 1 branch of the dungeon, and saw 4 of its levels.

You collected 185 gold pieces.

Inventory:

Hand Weapons
 a - a +2 war axe of freezing (weapon)
 b - a +0 hunting sling
Missiles
 e - 105 stones (quivered)
Armour
 f - a +0 pair of gloves (worn)
 i - a +0 hat (worn)
Jewellery
 m - a +6 ring of intelligence (left hand)
 n - a +6 ring of dexterity (right hand)
Scrolls
 g - 2 scrolls of teleportation
 k - a scroll of summoning
Potions
 c - a potion of magic
 d - a potion of attraction {unknown}
 j - 2 potions of brilliance
 l - 2 potions of curing
 o - a potion of cancellation {unknown}


   Skills:
 + Level 2.2 Fighting
 * Level 1.3 Throwing
 + Level 2.4 Dodging
 - Level 2.0 Stealth
 - Level 3.0 Spellcasting
 + Level 2.3 Conjurations
 * Level 1.3 Hexes
 - Level 1.0 Summonings
 + Level 1.6 Translocations


You had 6 spell levels left.
You knew the following spells:

 Your Spells              Type           Power      Damage    Failure   Level
a - Magic Dart            Conj           52%        1d5       4%          1
b - Slow                  Hex            36%        N/A       7%          1
c - Blink                 Tloc           20%        N/A       10%         2

Your spell library contained the following spells:

 Spells                   Type           Power      Damage    Failure   Level
 Call Imp                 Summ           7%         N/A       12%         2
 Ensorcelled Hibernation  Hex/Ice        12%        N/A       14%         2
 Passwall                 Tmut/Erth      2%         N/A       19%         2
 Conjure Flame            Conj/Fire      8%         6-21      22%         3
 Mephitic Cloud           Conj/Pois/Air  6%         N/A       26%         3
 Swiftness                Air            3%         N/A       36%         3


Dungeon Overview and Level Annotations

Branches:
Dungeon (4/15)
 Temple: D:4-7

Altars:
Nemelex Xobeh
Uskayaw
Xom


Innate Abilities, Weirdness & Mutations

Your plain brown scales are hard. (AC +5)
You cannot fit into any form of body armour.
You are cold-blooded and may be slowed by cold attacks.


Message History

g - 2 scrolls of teleportation (gained 1)
Things that are here:
a +0 trident; an orc skeleton Key pressed, stopping explore.
As you open the door, it creaks loudly! 3 orcs come into view.
An orc is wielding a +2 hand axe of freezing.
The orc shouts! x3; You hear a shout! x2
Something unseen opens the door.
You hear an angry hiss.
Found 15 gold pieces.
A quokka comes into view.
The orc closely misses you.
The orc hits you with a +2 hand axe of freezing!
The orc freezes you.
The quokka moves out of view.
There is an open door here.
Unknown command.
You barely miss the orc. You hit the orc. You freeze the orc.
You kill the orc!
The orc hits you but does no damage.
An orc warrior comes into view. It is wielding a +0 vorpal glaive.
Unknown command.
You closely miss the orc. You barely miss the orc. The orc misses you.
The orc hits you with a +0 dagger.
An orc comes into view. It is wielding a +0 dagger.
The orc closely misses you. The orc misses you.
Unknown command.
You closely miss the orc warrior. You hit the orc. You freeze the orc.
You kill the orc!
You hit the orc. You freeze the orc.
You kill the orc!
The orc warrior barely misses you.
An adder comes into view.
Unknown command.
You closely miss the orc warrior.
The adder hisses angrily.
You tail-slap the orc warrior, but do no damage.
The orc warrior hits you with a +0 vorpal glaive!
The orc warrior hits you with a +0 vorpal glaive!!
You die...

#.# ##.##### ##.## #.#
#...##.## ##...## #.#
####.#.....###.....# # #.#
#................>## ###.#
#.####.....####..## ....#
#.#$.##...## #..#####. #####
#.#...##.## #........ #
#.##.))#.# r##..######
###########..##.@#.#'.##...#
#.............###o..###...<##
#.####.###.......o8.........##
#.# #.# ##...###...###...##.##
#.####.# #..## +#.#+
##..###.### ....##.# #.## #.#
##.# ##... #.#.##.# #.# ##.##
#.###.### #.#.##.# ##.#
##...## #.##..# #.#.##.#
#..####.....####.#...#


You could see an orc warrior and an orc.

Vanquished Creatures
  An orc priest (D:4)
  Robin (D:2)
  2 worms
  A dart slug (D:2)
  6 orcs (D:4)
  4 endoplasms
  2 giant cockroaches
  10 goblins
  14 hobgoblins
  3 jackals (D:1)
  10 quokkas
  6 ball pythons
  7 bats
  2 frilled lizards
  7 kobolds
  8 rats
84 creatures vanquished.

Notes
Turn   | Place    | Note
-------+----------+-------------------------------------------
     0 | D:1      | tilp the Draconian Hedge Wizard began the quest for the
                  | Orb.
     0 | D:1      | Reached XP level 1. HP: 14/14 MP: 4/4
   491 | D:1      | Reached XP level 2. HP: 22/22 MP: 3/6
   626 | D:1      | Reached skill level 1 in Fighting
   884 | D:1      | Found a faded altar of an unknown god.
  1269 | D:1      | Reached XP level 3. HP: 29/29 MP: 7/7
  1314 | D:1      | Learned a level 1 spell: Slow
  1317 | D:1      | Learned a level 2 spell: Blink
  1488 | D:2      | Noticed Robin
  1628 | D:2      | Identified the +0 whip of Ydananux {freeze, Dex+4}
  1666 | D:2      | Killed Robin
  1673 | D:2      | Reached XP level 4. HP: 16/36 MP: 8/8
  2575 | D:3      | Found a shimmering altar of Xom.
  2583 | D:3      | Reached skill level 1 in Hexes
  2635 | D:3      | Found a sparkling altar of Nemelex Xobeh.
  2942 | D:3      | Found a hide-covered altar of Uskayaw.
  2942 | D:3      | Noticed a +0 hand axe
  2942 | D:3      | Noticed a +0 hand axe
  3056 | D:4      | Reached skill level 1 in Throwing
  3631 | D:4      | Reached XP level 5. HP: 13/41 MP: 9/9
  3993 | D:4      | Noticed an orc warrior
  3996 | D:4      | Slain by an orc warrior

Illustrated notes

Levels and vault maps discovered:
D:1:      lightli_iron_boxes, layout_basic, nicolae_ecumenical_lake_church,
          hangedman_decor_slide_cut
D:2:      layout_basic, uniq_robin
D:3:      layout_loops_ring, dancing_weapons_uskayaw, mainiacjoe_overflow_paths,
          old_standard_altar
D:4:      cheibrodos_barr_body, layout_loops_corners

Skill      XL: |  1  2  3  4 |
---------------+-------------+-----
Stealth        | 2 |  2.0
Dodging        | 2 |  2.4
Fighting       | 1 2 |  2.2
Conjurations   | 2 |  2.3
Hexes          | 1 |  1.3
Throwing       | 1 |  1.3
Spellcasting   | |  3.0
Summonings     | |  1.0
Translocations | |  1.6

Action                   |  1- 3 |  4- 6 || total
-------------------------+-------+-------++-------
Melee: Dagger            |    11 |       ||    11
       Tailslap          |     1 |     2 ||     3
       War axe           |    23 |    62 ||    85
 Fire: Hunting sling     |    60 |    23 ||    83
Throw: Stone             |     8 |       ||     8
 Cast: Magic Dart        |    30 |       ||    30
  Use: Scroll            |     7 |     3 ||    10
       Potion            |     1 |       ||     1
 Stab: Sleeping          |       |     5 ||     5
Armor: Skin              |    30 |    28 ||    58
Dodge: Dodged            |    88 |    42 ||   130

Table legend: (Time is in decaauts)
 A = Elapsed time spent in this place.
 B = Non-inter-level travel time spent in this place.
 C = Inter-level travel time spent in this place.
 D = Time resting spent in this place.
 E = Time spent auto-exploring this place.
 F = Levels seen in this place.
 G = Mean time per level.
                   A        B        C        D        E       F      G
               +--------+--------+--------+--------+--------+-----+--------+
         Total |   4070 |   3972 |     98 |    307 |   3062 |   4 | 1017.5 |
       Dungeon |   4070 |   3972 |     98 |    307 |   3062 |   4 | 1017.5 |
               +--------+--------+--------+--------+--------+-----+--------+

Top non-repeatable levels by time:
     D:1: 1376 daAuts
     D:2: 1075 daAuts
     D:4: 972 daAuts
     D:3: 646 daAuts
